 Dungeon Crawl Stone Soup version 0.18.1-5-g4a78601 (webtiles) character file.

124 Chaotic the Magician (level 4, -6/21 HPs)
             Began as a Spriggan Enchanter on May 14, 2016.
             Mangled by an orc
             ... wielding a +0 trident
              (7 damage)
             ... on level 3 of the Dungeon.
             The game lasted 00:05:44 (2522 turns).

Chaotic the Magician (Spriggan Enchanter)           Turns: 2522, Time: 00:05:45

Health: -6/21      AC:  3    Str:  4    XL:     4   Next: 81%
Magic:  1/12       EV: 18    Int: 17    God:
Gold:   189        SH:  0    Dex: 16    Spells: 2 memorised, 10 levels left

rFire  . . .     SeeInvis +     a - +1 dagger
rCold  . . .     Gourm    .     b - +1 robe
rNeg   . . .     Faith    .     (shield restricted)
rPois  .         Spirit   .     (helmet restricted)
rElec  .         Dismiss  .     (no cloak)
rCorr  .         Reflect  .     (gloves unavailable)
SustAt .         Harm     .     (boots unavailable)
MR     .....                    (no amulet)
Stlth  +++.......               (no ring)
                                (no ring)

@: very slightly contaminated, very quick, not resistant to hostile
enchantments, fairly stealthy
A: unfitting armour, see invisible, herbivore 3, speed 3, slow metabolism 2
a: no special abilities


You were on level 3 of the Dungeon.
You were not hungry.

You visited 1 branch of the dungeon, and saw 4 of its levels.

You collected 189 gold pieces.

Inventory:

Hand Weapons
 a - a +1 dagger (weapon)
Armour
 b - a +1 robe (worn)
Scrolls
 g - 2 scrolls of enchant armour {unknown}
 h - 2 scrolls of magic mapping {unknown}
 j - a scroll of noise {unknown}
 k - 3 scrolls of remove curse {unknown}
 l - 2 scrolls of fog {unknown}
 o - 2 scrolls of fear {unknown}
 p - a scroll of amnesia {unknown}
 s - a scroll of recharging {unknown}
 t - 2 scrolls of identify {unknown}
 u - a scroll of teleportation {unknown}
Potions
 e - a potion of lignification {unknown}
 f - a potion of might {unknown}
 i - 2 potions of resistance {unknown}
 m - 3 potions of curing {unknown}
 n - a potion of invisibility {unknown}
Books
 c - a book of Maledictions

   Spells                             Type                      Level
   a - Corona                         Hexes                        1
   b - Ensorcelled Hibernation        Hexes/Ice                    2
   c - Confuse                        Hexes                        3
   d - Tukima's Dance                 Hexes                        3
   e - Dazzling Spray                 Conjuration/Hexes            3
Comestibles
 d - 2 bread rations
 q - a royal jelly
 r - a slice of pizza


   Skills:
 - Level 1.1 Short Blades
 - Level 3.0 Dodging
 - Level 4.4 Stealth
 * Level 5.2 Spellcasting
 + Level 4.9 Hexes


You had 10 spell levels left.
You knew the following spells:

 Your Spells              Type           Power        Failure   Level  Hunger
a - Corona                Hex            ###....      1%          1    None
b - Ensorcelled Hibernat  Hex/Ice        ##....       10%         2    #......


Dungeon Overview and Level Annotations

Branches:
Dungeon (4/15)
 Temple: D:4-7

Altars:
Yredelemnul


Innate Abilities, Weirdness & Mutations

You are tiny and cannot use many weapons and most armour.
You have supernaturally acute eyesight.
You are a herbivore.
You cover ground extremely quickly.
You need consume almost no food.


Message History

Aiming: Ensorcelled Hibernation
Press: ? - help, Shift-Dir - straight line, f - orc
Aim: an orc, wielding a trident and wearing a dyed leather armour (chance to defeat MR: 26%)
The orc resists with almost no effort.
The orc completely misses you.
There is a stone staircase leading up here.
Casting: Ensorcelled Hibernation
Confirm with . or Enter, or press ? or * to list all spells.
Aiming: Ensorcelled Hibernation
Press: ? - help, Shift-Dir - straight line, f/p - orc
Aim: an orc, wielding a trident and wearing a dyed leather armour (chance to defeat MR: 26%)
The orc resists with almost no effort.
The orc hits you with a trident.
* * * LOW HITPOINT WARNING * * *
There is a stone staircase leading down here.
You climb downwards.
An orc wizard comes into view. It is wielding a dagger.
Found 2 gold pieces.
There is a stone staircase leading up here.
You climb upwards.
The orc hits you with a trident!
You die...

######### #.# #)###
#[.....%# #o# #....
#.......# #.# #....
#.......#######.# #....
#.............#.# #....
#.......#####.#.# #....
#.......# #.#.#.# #....
#......o###.#.#.####.###
##.....@...<............
#......................
#..........#.#.#.######
#......#.###[#.#.......
#......#.# #.#.########
########.###.#.#
#......#.....#.########
#......###............#
#........'............#


You could see an orc.

Vanquished Creatures
  An orc priest (D:3)
  4 adders
  2 dart slugs
  2 giant geckos
  4 orcs (D:3)
  A ball python (D:2)
  6 giant cockroaches
  3 goblins
  3 hobgoblins
  3 jackals (D:2)
  7 bats
  2 giant newts (D:1)
  2 kobolds (D:1)
  10 rats
50 creatures vanquished.

Notes
Turn   | Place    | Note
--------------------------------------------------------------
     0 | D:1      | Chaotic the Spriggan Enchanter began the quest for the Orb.
     0 | D:1      | Reached XP level 1. HP: 9/9 MP: 5/5
    62 | D:1      | Reached skill level 3 in Spellcasting
   162 | D:1      | Reached XP level 2. HP: 12/13 MP: 7/7
   179 | D:1      | Learned a level 2 spell: Ensorcelled Hibernation
  1030 | D:2      | Reached XP level 3. HP: 14/16 MP: 3/9
  1122 | D:2      | Reached skill level 4 in Spellcasting
  1159 | D:2      | Found a basalt altar of Yredelemnul.
  1496 | D:2      | Reached XP level 4. HP: 21/21 MP: 9/11
  2243 | D:3      | HP: 1/21 [orc/trident (3)]
  2307 | D:3      | Reached skill level 5 in Spellcasting
  2514 | D:3      | HP: 1/21 [orc/trident (6)]
  2522 | D:3      | Mangled by an orc

Skill      XL: |  1  2  3  4 |
---------------+-------------+-----
Spellcasting   | 3 4 5 |  5.2
Hexes          | 4 |  4.9
Short Blades   | |  1.1
Dodging        | |  3.0
Stealth        | |  4.4

Action                   |  1- 3 |  4- 6 || total
-------------------------+-------+-------++-------
Melee: Dagger            |   113 |    34 ||   147
 Cast: Ensorcelled Hiber |    15 |    12 ||    27
 Stab: Sleeping          |    20 |    10 ||    30
Armor: Robe              |    19 |     3 ||    22
Dodge: Dodged            |   119 |    57 ||   176
